 Dungeon Crawl Stone Soup version 0.28.0-1-gb440e238dd (webtiles) character file.

Game seed: 11402028303394783278

18537 Morbidden the Grappler (level 12, -2/113 HPs)
             Began as a Troll Fighter on Feb 23, 2022.
             Was an Elder of Cheibriados.
             Slain by a two-headed ogre (17 damage)
             ... on level 11 of the Dungeon.
             The game lasted 00:23:44 (11700 turns).

Morbidden the Grappler (Troll Fighter)             Turns: 11700, Time: 00:23:45

Health: -2/113     AC:  8    Str: 44    XL:     12   Next: 28%
Magic:  16/26      EV: 14    Int: 17    God:    Cheibriados [****..]
Gold:   200        SH:  4    Dex: 18    Spells: 14/19 levels left

rFire   . . .      SeeInvis .     - Unarmed
rCold   + . .      Faith    .   (no shield)
rNeg    . . .      Spirit   .   E - +0 steam dragon scales
rPois   .          Reflect  .   (helmet restricted)
rElec   +          Harm     .   q - +0 cloak of Mental Paralysis {rElec Will- Str+8}
rCorr   .          Rampage  .   (gloves unavailable)
Will    .....                   (boots unavailable)
Stlth   ++........              B - amulet of regeneration
HPRegen 1.88/turn               p - ring of magical power
MPRegen 0.20/turn               L - ring of protection from cold

@: very slow
A: large, unfitting armour, claws 3, regeneration 1, shaggy fur 1, tough skin 1,
large bone plates 1, mutation resistance 1, sturdy frame 1
a: Renounce Religion, Bend Time, Temporal Distortion, Slouch


You were on level 11 of the Dungeon.
You worshipped Cheibriados.
Cheibriados was greatly pleased with you.
You visited 2 branches of the dungeon, and saw 12 of its levels.
You also visited: Sewer and Ice Cave.

You collected 590 gold pieces.
You spent 390 gold pieces at shops.

Inventory:

Hand Weapons
 b - a +2 arbalest
Missiles
 k - 4 throwing nets
 s - 25 poisoned darts (quivered)
 x - 69 bolts
 z - 222 stones
 A - 8 boomerangs
 O - 3 javelins
Armour
 q - the +0 cloak of Mental Paralysis (worn) {rElec Will- Str+8}
   (You found it on level 3 of the Dungeon)

   Str:       It affects your strength (+8).
   rElec:     It insulates you from electricity.
   Will:      It decreases your willpower.
 E - +0 steam dragon scales (worn)
 Q - a scarf of resistance
 R - a +0 tower shield of cold resistance
Jewellery
 h - a ring of resist corrosion
 n - a ring of poison resistance
 o - an amulet of the acrobat
 p - a ring of magical power (left claw)
 r - a ring of willpower
 y - a ring of protection from fire
 B - an amulet of regeneration (around neck)
 J - a +6 ring of intelligence
 L - a ring of protection from cold (right claw)
Wands
 l - a wand of digging (7)
 m - a wand of acid (15)
 H - a wand of mindburst (13)
Scrolls
 a - 2 scrolls of fog
 d - a scroll of holy word
 e - 3 scrolls of enchant armour
 j - 4 scrolls of vulnerability
 C - a scroll of summoning
 K - a scroll of noise
 M - 3 scrolls of immolation
 N - 4 scrolls of identify
 P - a scroll of teleportation
 S - a scroll of magic mapping
Potions
 c - a potion of flight {unknown}
 f - 3 potions of curing
 g - 2 potions of lignification {unknown}
 i - a potion of cancellation {unknown}
 t - 5 potions of degeneration {unknown}
 u - a potion of attraction {unknown}
 v - 2 potions of ambrosia {unknown}
 D - a potion of resistance {unknown}
 F - 3 potions of berserk rage
 G - 3 potions of mutation
 I - a potion of magic
Miscellaneous
 w - a condenser vane


   Skills:
 * Level 5.7 Fighting
 + Level 1.3 Crossbows
 + Level 1.8 Throwing
 * Level 7.3 Dodging
 + Level 1.4 Stealth
 + Level 2.7 Shields
 * Level 12.2 Unarmed Combat
 * Level 4.0 Spellcasting
 * Level 4.7 Conjurations
 * Level 4.9 Fire Magic
 * Level 4.0 Invocations
 + Level 0.2 Evocations


You had 14 spell levels left.
You knew the following spells:

 Your Spells              Type           Power      Damage    Failure   Level
a - Foxfire               Conj/Fire      76%        2x1d7     2%          1
b - Flame Wave            Conj/Fire      19%        2d6       22%         4

Your spell library contained the following spells:

 Spells                   Type           Power      Damage    Failure   Level
 Conjure Flame            Conj/Fire      19%        6-21      6%          3
 Inner Flame              Hex/Fire       11%        N/A       17%         3
 Ensorcelled Hibernation  Hex/Ice        6%         N/A       24%         2
 Passwall                 Tmut/Erth      2%         N/A       24%         2
 Frozen Ramparts          Ice            6%         1d2       43%         3
 Swiftness                Air            3%         N/A       43%         3
 Ice Form                 Ice/Tmut       3%         N/A       83%         4
 Summon Ice Beast         Ice/Summ       3%         N/A       83%         4
 Starburst                Conj/Fire      9%         6d5       97%         6
 Maxwell's Capacitive Co  Air            1%         ∞         100%        8


Dungeon Overview and Level Annotations

Branches:
Dungeon (11/15)            Temple (1/1) D:7            Lair (0/6) D:9
  Sewer (visited)           IceCv (visited)
    Orc: D:9-12

Altars:
Cheibriados
Dithmenos
Elyvilon
Fedhas
Hepliaklqana
Kikubaaqudgha
Makhleb
Nemelex Xobeh
Okawaru
Qazlal
Ru
Sif Muna
Trog
Uskayaw
Wu Jian
Xom
Yredelemnul
Zin
The Shining One

Shops:
D:8 =

Annotations:
D:10 Erolcha


Innate Abilities, Weirdness & Mutations

You are too large for most types of armour.
You have claws for hands.
Your natural rate of healing is unusually fast.
You are covered in fur. (AC +1)
You have tough skin. (AC +1)
You are partially covered in large bone plates. (SH +4)
You are somewhat resistant to further mutation.
Your movements are slightly less encumbered by armour. (ER -2)


Message History

Unknown command.
You claw the two-headed ogre!
The two-headed ogre is severely wounded.
The two-headed ogre barely misses you.
The two-headed ogre hits you with a +0 giant spiked club!
Unknown command.
You scratch the two-headed ogre but do no damage.
You claw the two-headed ogre!
You kill the two-headed ogre!
Cheibriados appreciates the change of pace.
The troll misses you. The troll claws you but does no damage.
The troll claws you!
Your Spellcasting skill increases to level 4!
Your Invocations skill increases to level 4!
You barely miss the troll.
The troll is lightly wounded.
The troll closely misses you. The troll claws you. x2
Unknown command.
You mangle the troll!!
You kill the troll!
Cheibriados appreciates the change of pace.
The troll leather armour is intact enough to wear.
Unknown command.
The two-headed ogre misses you.
The two-headed ogre hits you with a +0 giant club.
Things that are here:
a +0 troll leather armour; a troll corpse You scratch the two-headed ogre but do no damage.
The two-headed ogre hits you with a +0 giant spiked club!!
* * * LOW HITPOINT WARNING * * *
You block the two-headed ogre's attack.
Unknown command.
You mangle the two-headed ogre!!
The two-headed ogre is heavily wounded.
Unknown command.
You mangle the two-headed ogre!!
The two-headed ogre is almost dead.
The two-headed ogre barely misses you.
The two-headed ogre hits you with a +0 giant club!
You die...

*,***,*,***,*******,*****
*,*,,,,,,,..#***,,,,,,,,*
*,,,^,,>,,....#*,**,***,***
*,*,*,*,**#.#.#*,,,,,,...>#
*,*,*,*,*##.#..,,,..,*#.#.#
*,*,,,,,,,....#*..#..*#.#.##
*,*,,,#,**#.#.#*..#..##.#.##
*,*,,,#.###.#.##..#.........
*,*,,.#....@)..#..#.......##
*,*,..$...O.?.......#.#...##
*,,,.......>.......##.#..)##
*,**...######.........#.....
*,,,...............###..<...
****.,.#######...........###
**,** #.#.#####.#.# #
*.########.### #.#.# #
*..........#######.#.# #


You could see a two-headed ogre.

Vanquished Creatures
  Harold (D:8)
  5 two-headed ogres
  A skeletal warrior (D:6)
  A bog body (IceCv)
  Pikel (D:7)
  A necromancer (IceCv)
  A manticore (D:6)
  2 ice statues (IceCv)
  Joseph (D:9)
  2 centaur zombies (D:11)
  4 entropy weaver simulacra (IceCv)
  Maggie (D:9)
  3 anaconda simulacra (IceCv)
  A troll (D:11)
  6 ice devils (IceCv)
  Prince Ribbit (D:9)
  2 wraiths
  A steam dragon (D:7)
  A wyvern (D:8)
  2 death yak simulacra (IceCv)
  3 harpy simulacra (IceCv)
  3 water moccasins
  An orc warrior (D:6)
  2 hornet zombies (D:6)
  Pargi (Sewer)
  2 black bears (D:6)
  2 ice beasts (D:6)
  A necrophage (D:5)
  15 ogres
  2 centaurs
  2 phantoms
  2 lemures (D:7)
  4 kobold brigands
  4 bullfrogs
  2 gnoll sergeants
  3 scorpions
  2 water moccasin zombies (D:6)
  A water moccasin skeleton (D:6)
  18 killer bees
  7 wights
  2 electric eels (D:10)
  A howler monkey (D:7)
  A bullfrog zombie (D:6)
  2 jellies
  3 hounds
  A gnoll shaman (D:5)
  5 orc priests
  5 iguanas
  Terence (D:2)
  Natasha (thrice) (D:3)
  9 orc wizards
  A wolf simulacrum (IceCv)
  A killer bee zombie (D:7)
  An ogre zombie (D:10)
  A hound skeleton (D:4)
  Robin (D:2)
  A howler monkey zombie (D:6)
  A howler monkey skeleton (D:7)
  16 gnolls
  A naga simulacrum (IceCv)
  3 river rats (D:4)
  8 adders
  2 white imps
  3 ufetubi
  3 worms
  2 dart slugs
  27 orcs
  13 ball pythons
  4 bats
  2 endoplasms
  5 giant cockroaches
  7 hobgoblins
  9 jackals
  3 quokkas
  9 frilled lizards
  12 goblins
  18 kobolds
  3 rats
305 creatures vanquished.

Vanquished Creatures (others)
  209 foxfires
209 creatures vanquished.

Grand Total: 514 creatures vanquished

Notes
Turn   | Place    | Note
-------+----------+-------------------------------------------
     0 | D:1      | Morbidden the Troll Fighter began the quest for the Orb.
     0 | D:1      | Reached XP level 1. HP: 22/22 MP: 0/0
    71 | D:1      | Found a faded altar of an unknown god.
   135 | D:1      | Reached XP level 2. HP: 28/29 MP: 1/1
   547 | D:2      | Noticed Robin
   550 | D:2      | Reached XP level 3. HP: 36/36 MP: 2/2
   597 | D:2      | Killed Robin
   615 | D:2      | Reached skill level 3 in Unarmed Combat
   615 | D:2      | Reached XP level 4. HP: 44/44 MP: 3/3
   941 | D:2      | Identified the +1 ring mail "Samaym" {rF+ rN+}
   980 | D:2      | Noticed Terence
   987 | D:2      | Killed Terence
  1113 | D:2      | Learned a level 1 spell: Foxfire
  1117 | D:2      | Reached XP level 5. HP: 47/53 MP: 4/4
  1305 | D:3      | Reached skill level 4 in Unarmed Combat
  1393 | D:3      | Identified the +0 cloak of Mental Paralysis {rElec Will-
                  | Str+8}
  1398 | D:3      | Noticed Natasha
  1404 | D:3      | Killed Natasha
  1480 | D:3      | Noticed Natasha
  1491 | D:3      | Killed Natasha
  1575 | D:3      | Noticed Natasha
  1588 | D:3      | Killed Natasha
  1692 | D:3      | Found an iron altar of Okawaru.
  2063 | D:4      | Reached XP level 6. HP: 60/61 MP: 5/5
  2163 | D:4      | Found a glowing drain.
  2185 | D:4      | Reached skill level 1 in Conjurations
  2200 | Sewer    | Entered a sewer
  2266 | Sewer    | Noticed Pargi
  2271 | Sewer    | Killed Pargi
  2444 | D:4      | Reached XP level 7. HP: 66/67 MP: 7/7
  2445 | D:4      | Reached skill level 5 in Unarmed Combat
  2511 | D:4      | Reached skill level 1 in Spellcasting
  2923 | D:4      | Found a hazy altar of Hepliaklqana.
  3145 | D:5      | Entered Level 5 of the Dungeon
  3529 | D:5      | Reached skill level 1 in Fire Magic
  3560 | D:5      | Reached skill level 6 in Unarmed Combat
  3568 | D:5      | HP: 3/67 [gnoll (7)]
  3570 | D:5      | Reached XP level 8. HP: 5/75 MP: 8/8
  4384 | D:5      | Found a large runed translucent door.
  4385 | D:5      | Found a large runed translucent door.
  4475 | D:5      | Found a hide-covered altar of Uskayaw.
  4482 | D:5      | Reached skill level 5 in Dodging
  4497 | D:5      | Found a sparkling altar of Nemelex Xobeh.
  4621 | D:6      | Got the Catalogue of Excruciating Air
  4703 | D:6      | Reached skill level 7 in Unarmed Combat
  4770 | D:6      | Noticed a manticore
  4777 | D:6      | Noticed a skeletal warrior
  5052 | D:6      | Killed a manticore
  5053 | D:6      | Reached XP level 9. HP: 51/84 MP: 11/11
  5249 | D:6      | Learned a level 4 spell: Flame Wave
  5353 | D:6      | Reached skill level 1 in Throwing
  5438 | D:6      | Reached skill level 8 in Unarmed Combat
  5486 | D:6      | HP: 4/84 [skeletal warrior (26)]
  5488 | D:6      | Killed a skeletal warrior
  5671 | D:6      | Reached skill level 9 in Unarmed Combat
  5882 | D:7      | Reached XP level 10. HP: 91/92 MP: 13/13
  6367 | D:7      | Found a bloodstained altar of Trog.
  6540 | D:7      | Found a staircase to the Ecumenical Temple.
  6550 | Temple   | Entered the Ecumenical Temple
  6794 | Temple   | Became a worshipper of Cheibriados the Contemplative
  6872 | D:7      | Noticed Pikel
  6880 | D:7      | Killed Pikel
  6881 | D:7      | Reached skill level 1 in Stealth
  6881 | D:7      | Reached skill level 10 in Unarmed Combat
  7958 | D:8      | Reached * piety under Cheibriados
  8221 | D:8      | Noticed Harold
  8242 | D:8      | Killed Harold
  8243 | D:8      | Reached skill level 1 in Invocations
  8507 | D:8      | Found Qeyjeam's Jewellery Boutique.
  8685 | D:8      | Bought an amulet of regeneration for 390 gold pieces
  9127 | D:9      | Noticed Prince Ribbit
  9130 | D:9      | Killed Prince Ribbit
  9130 | D:9      | Reached ** piety under Cheibriados
  9145 | D:9      | Noticed Maggie
  9155 | D:9      | Killed Maggie
  9160 | D:9      | Found a staircase to the Lair.
  9189 | D:9      | Noticed a two-headed ogre
  9196 | D:9      | Killed a two-headed ogre
  9197 | D:9      | Reached XP level 11. HP: 101/101 MP: 14/14
  9238 | D:9      | Reached skill level 11 in Unarmed Combat
  9345 | D:9      | Noticed Joseph
  9361 | D:9      | Killed Joseph
  9520 | D:10     | Entered Level 10 of the Dungeon
  9643 | D:10     | Noticed a two-headed ogre
  9643 | D:10     | Noticed a two-headed ogre
  9644 | D:10     | Noticed a two-headed ogre
  9650 | D:10     | Killed a two-headed ogre
  9650 | D:10     | Reached *** piety under Cheibriados
  9653 | D:10     | Killed a two-headed ogre
  9654 | D:10     | Reached skill level 5 in Fighting
  9654 | D:10     | Reached skill level 1 in Crossbows
  9658 | D:10     | Killed a two-headed ogre
  9659 | D:10     | Gained mutation: You are partially covered in large bone
                  | plates. (SH +4) [potion of mutation]
  9659 | D:10     | Gained mutation: Your movements are slightly less
                  | encumbered by armour. (ER -2) [potion of mutation]
  9659 | D:10     | Gained mutation: You are somewhat resistant to further
                  | mutation. [potion of mutation]
  9808 | D:10     | Noticed a two-headed ogre
  9808 | D:10     | Noticed a two-headed ogre
  9812 | D:10     | Noticed Erolcha
  9812 | D:10     | Noticed a two-headed ogre
  9881 | D:11     | Found a frozen archway.
  9904 | IceCv    | Entered an ice cave
 10286 | IceCv    | Found the +3 warlock's mirror {reflect}
 10802 | IceCv    | Reached skill level 12 in Unarmed Combat
 10802 | IceCv    | Reached XP level 12. HP: 80/111 MP: 8/16
 11110 | IceCv    | Reached **** piety under Cheibriados
 11682 | D:11     | Noticed a two-headed ogre
 11690 | D:11     | Noticed a two-headed ogre
 11694 | D:11     | Killed a two-headed ogre
 11700 | D:11     | Slain by a two-headed ogre

Illustrated notes

Levels and vault maps discovered:
D:1:      roderic_chinese_lattice_arrival, layout_rooms, basic_ecumenical_altar,
          minmay_pentomino_x2
D:2:      layout_basic, uniq_robin, uniq_terence
D:3:      layout_basic, okawaru_metal_pillars_1_2, chequers_hall_statues_y,
          minmay_fractal_squares_5, uniq_natasha
D:4:      layout_basic, general_overflow_altar, portal_sewer_entry_b,
          interstate_on_off, grunt_decor_junction
D:5:      layout_gridville, jmf_multi_god_temple2, eino_tiny_chamber,
          eino_small_chamber_without_monster, kennysheep_decorative_pillar
D:6:      hangedman_cross_stitches, layout_loops_ring, nzn_random_ring
D:7:      layout_basic, mainiacjoe_overflow_catwalk, minmay_temple_entry_ruins,
          uniq_pikel
D:8:      layout_gridville, serial_shops, shop, uniq_harold
D:9:      layout_big_octagon, lair_entry_dummy, uniq_maggie, uniq_joseph,
          uniq_prince_ribbit1
D:10:     lemuel_ogre_cave, layout_rooms, nicolae_ashenzari_skybound,
          gammafunk_temple_overflow_elements, fungi_pond_lemuel,
          corexii_checkpoint_a, uniq_psyche, uniq_erolcha
D:11:     layout_loops_ring, portal_ice_cave_entry_pillars_1, serial_shops,
          shop, nicolae_ru_sacrificial_ziggurat
Temple:   minmay_temple_curvy_branch

Skill      XL: |  1  2  3  4  5  6  7  8  9 10 11 12 |
---------------+-------------------------------------+-----
Unarmed Combat | 3 4 6 7 9 10 12 | 12.2
Dodging        | 3 4 5 6 7 |  7.3
Fighting       | 3 4 5 |  5.7
Conjurations   | 1 2 3 4 |  4.7
Spellcasting   | 1 2 3 4 |  4.0
Fire Magic     | 1 2 3 4 |  4.9
Throwing       | 1 |  1.8
Stealth        | 1 |  1.4
Invocations    | 2 3 4 |  4.0
Crossbows      | 1 |  1.3
Shields        | |  2.7
Evocations     | |  0.2

Action                   |  1- 3 |  4- 6 |  7- 9 | 10-12 || total
-------------------------+-------+-------+-------+-------++-------
Melee: Unarmed           |   105 |   167 |   239 |   396 ||   907
       Punch             |     1 |     2 |    13 |    18 ||    34
 Fire: Arbalest          |       |       |       |    18 ||    18
Throw: Stone             |       |     1 |    13 |       ||    14
       Boomerang         |       |       |    11 |       ||    11
       Dart              |       |       |       |     4 ||     4
 Cast: Foxfire           |       |       |     4 |   114 ||   118
       Flame Wave        |       |       |       |     5 ||     5
Evoke: Wand              |       |       |     4 |     6 ||    10
  Use: Potion            |       |     1 |     4 |     7 ||    12
       Scroll            |       |       |     7 |    15 ||    22
 Stab: Sleeping          |       |       |     1 |       ||     1
Armor: Robe              |    37 |    65 |    41 |    26 ||   169
       Steam dragon scal |       |       |       |   108 ||   108
Dodge: Dodged            |    63 |   122 |   139 |   303 ||   627
Block: Kite shield       |     1 |       |       |       ||     1
       Other             |       |       |       |    25 ||    25
